[Event "*** Titled Tuesday Blitz"]
[Site "Chess.com"]
[Date "2021.03.02"]
[Round "6"]
[White "nicolevalladar"]
[Black "mirochka"]
[Result "1-0"]
[WhiteElo "1854"]
[BlackElo "2227"]
[TimeControl "180+1"]
[EndTime "11:07:37 PST"]
[Termination "nicolevalladar won on time"]

1. e4 c5 2. Nc3 Nc6 3. g3 g6 4.
Bg2 Bg7 5. d3 e6 6. Be3 Nd4 7.
Qd2 Ne7 8. Nce2 d6 9. c3 Nxe2 10. Nxe2 Rb8 11. O-O d5 12. Bxc5 dxe4 13. Bxe7 Qxe7 14.
Bxe4 O-O 15. Rac1 e5 16. Bg2 f5 17. f4 Be6 18. fxe5 Bxe5 19. Nf4 Bf7 20. Nd5 Qd6 21.
Nf4 Rfd8 22. d4 Bf6 23. Rce1 Bxa2 24. Re3 Bc4 25. Rfe1 a5 26. d5 a4 27. Kh1 b5 28.
Re6 Qf8 29. h4 b4 30. cxb4 Rxb4 31. Rc1 Rxb2 32. Qe3 Bb3 33. Rcc6 Bg7 34. Re7 a3 35. Qe6+ Kh8 36. Rcc7 a2 37. Rxg7 a1=Q+ 38. Kh2 Rxg2+ 39. Kxg2 Qb2+ 40. Kh3 Qbxg7 41. Rxg7 Qxg7 42. Qb6 Qe7 43. Qxb3 Qe5 44. d6 1-0

[Event "*** Titled Tuesday Blitz"]
[Site "Chess.com"]
[Date "2021.03.02"]
[Round "6"]
[White "DenLaz"]
[Black "Gahan-MG"]
[Result "1-0"]
[WhiteElo "2835"]
[BlackElo "2637"]
[TimeControl "180+1"]
[EndTime "11:07:38 PST"]
[Termination "DenLaz won on time"]

1. d4 Nf6 2. c4 g6 3. g3 Bg7 4. Nc3 d5 5. cxd5 Nxd5 6. Bg2 Nb6 7. Nf3 O-O 8. O-O Nc6 9. e3 e5 10. d5 e4 11. dxc6 Qxd1 12. Rxd1 exf3 13. Bxf3 bxc6 14.
Bd2 Nc4 15. Na4 Rb8 16. Bc3 Bf5 17. Bxg7 Kxg7 18. b3 Ne5 19. Be2 Rfd8 20. f4 Nd7 21.
Bf3 Nb6 22. Nc5 Bc2 23. Re1 Rd2 24. Bxc6 h5 25. Bf3 h4 26. Re2 Rbd8 27. Kf1 Nc8 28. gxh4 Ne7 29. h5 Nf5 30. hxg6 Kxg6 31. Be4 Rd1+ 32. Rxd1 Rxd1+ 33. Kf2 Bxe4 34. Nxe4 Rh1 35. Kg2 Ra1 36. Ng3 Nh4+ 37. Kh3 Nf3 38. Rc2 f6 39. Kg4 Ne1 40. Rxc7 Rxa2 41. h4 f5+ 42. Nxf5 Rg2+ 43. Ng3 Nd3 44. h5+ Kh6 45. Kf3 Ne1+ 46. Kg4 Nd3 47.
Kh3 1-0

[Event "*** Titled Tuesday Blitz"]
[Site "Chess.com"]
[Date "2021.03.02"]
[Round "6"]
[White "ViditYT"]
[Black "Korchmar_Vasiliy"]
[Result "0-1"]
[WhiteElo "2948"]
[BlackElo "2644"]
[TimeControl "180+1"]
[EndTime "11:07:38 PST"]
[Termination "Korchmar_Vasiliy won by resignation"]

1. e4 c5 2. Nf3 d6 3. d4 cxd4 4.
Nxd4 Nf6 5. Nc3 Nc6 6. Bg5 e6 7. Qd2 a6 8. O-O-O h6 9. Nxc6 bxc6 10. Bf4 d5 11. Be2 Bb4 12. Qe3 O-O 13. e5 Nd7 14. h4 f6 15. exf6 Qxf6 16. Bg3 e5 17. Na4 Rb8 18. Bg4 Bd6 19. a3 Nc5 20. Nxc5 Bxg4 21.
f3 Bf5 22. Nxa6 Rb5 23. Nb4 d4 24. Qe2 Bxb4 25. axb4 Ra8 26. Kd2 Qg6 27. Bxe5 Bxc2 28. Qc4+ Kh8 29. Qxc2 Qxg2+ 30. Kd3 Qg6+ 31. Kd2 Qg2+ 32.
Kd3 Qxf3+ 33. Kxd4 Qd5+ 34. Kc3 Qxe5+ 35. Kb3 Rab8 36.
Qc4 Qe3+ 37. Rd3 Rxb4+ 38. Ka2 Qa7+ 39. Ra3 Qxa3+ 40. bxa3 Rxc4 0-1

[Event "*** Titled Tuesday Blitz"]
[Site "Chess.com"]
[Date "2021.03.02"]
[Round "6"]
[White "Arkady_Gitelson"]
[Black "Hangar-18"]
[Result "1-0"]
[WhiteElo "2571"]
[BlackElo "2378"]
[TimeControl "180+1"]
[EndTime "11:07:38 PST"]
[Termination "Arkady_Gitelson won on time"]

1. e4 c6 2. d4 d5 3. exd5 cxd5 4. Bd3 Nc6 5. c3 Qc7 6. Ne2 Bg4 7. f3 Bd7 8. Bf4 e5 9. dxe5 Nxe5 10. Bc2 Nf6 11. Nd2 Bd6 12. O-O O-O 13. Kh1 h6 14. Nd4 Rfe8 15.
Nf5 Bxf5 16. Bxf5 Rad8 17. Qa4 a6 18. Rad1 Nc4 19. Bxd6 Rxd6 20. Nxc4 dxc4 21. Rxd6 Qxd6 22. Qxc4 b5 23. Qd3 Qe7 24. Kg1 Rd8 25. Qc2 Qe3+ 26. Qf2 Qf4 27. Bb1 Rd2 28. Qa7 g6 29. b3 Kg7 30. Qc5 Nd5 31. g3 Qe5 32. Rf2 Rd1+ 33. Rf1 Rd2 34. c4 Qh5 35. h4 bxc4 36. Qxc4 Qe5 37.
Qe4 Qxe4 38. Bxe4 Ne3 39. Re1 Nc2 40. Rc1 1-0

[Event "*** Titled Tuesday Blitz"]
[Site "Chess.com"]
[Date "2021.03.02"]
[Round "6"]
[White "Aslanov_Umid"]
[Black "Andrakhanova"]
[Result "0-1"]
[WhiteElo "2402"]
[BlackElo "2278"]
[TimeControl "180+1"]
[EndTime "11:07:38 PST"]
[Termination "Andrakhanova won on time"]

1. e4 c5 2. Nf3 e6 3. d4 cxd4 4. Nxd4 Nf6 5. Nc3 Nc6 6. Ndb5 d6 7. Bf4 e5 8. Bg5 a6 9. Na3 b5 10. Nd5 Be7 11. Bxf6 Bxf6 12. c3 O-O 13. Nc2 Bg5 14.
h4 Bh6 15. a4 bxa4 16. Rxa4 a5 17. Bc4 Rb8 18. b3 Kh8 19. Nce3 f5 20. exf5 Bxf5 21. Nxf5 Rxf5 22. g4 Rf8 23. g5 Bxg5 24. hxg5 Qxg5 25.
Ne3 Qf4 26. Qe2 e4 27. Bd5 Ne5 28. Bxe4 h6 29. Rg1 Rxb3 30. Ra1 Qxe4 31. Rd1 Nf3+ 32. Kf1 Nxg1 33. Kxg1 Rxc3 34. Qd2 Qg6+ 35. Kf1 Rc6 36. Qd5 Rc5 37. Qd4 Rg5 38. Ke2 Qh5+ 39. Kd2 Rxf2+ 40. Kd3 Rf3 41. Rb1 Qh3 0-1

[Event "*** Titled Tuesday Blitz"]
[Site "Chess.com"]
[Date "2021.03.02"]
[Round "6"]
[White "chessdjw"]
[Black "Karla"]
[Result "1-0"]
[WhiteElo "2754"]
[BlackElo "2334"]
[TimeControl "180+1"]
[EndTime "11:07:40 PST"]
[Termination "chessdjw won by resignation"]

1. d4 d5 2. c4 e6 3. Nf3 Nf6 4. g3 dxc4 5. Bg2 a6 6. O-O Nc6 7. Bg5 Be7 8. e3 Nd7 9. Bxe7 Qxe7 10. Nbd2 b5 11. b3 c3 12. Ne4 f5 13. Nxc3 Bb7 14. Rc1 O-O 15. Ne2 Rab8 16. Nf4 Nf6 17. Ng5 Nd8 18.
Bxb7 Rxb7 19. Qf3 c6 20. h4 Rd7 21. Nd3 Rd6 22. Ne5 Qe8 23. Rc2 Nd7 24. Qf4 Nxe5 25.
Qxe5 Qd7 26. Rfc1 Rd5 27. Qf4 e5 28. dxe5 Rd1+ 29. Kg2 Rxc1 30. Rxc1 Qd2 31. Rc5 h6 32. e6 hxg5 33. Qe5 Re8 34. e7 Nf7 35. Qe6 Qb4 36. Rxf5 Qxe7 37. Qxe7 Rxe7 38. hxg5 Re5 39. Rxe5 Nxe5 40.
f4 Nf7 41. Kf3 Kh7 42. Ke4 Kg6 43. g4 Nd6+ 44. Ke5 Nf7+ 45. Ke6 Nh6 46. gxh6 Kxh6 47. g5+ Kg6 48. e4 c5 49. Kd5 Kf7 50. Kxc5 Ke6 51. Kb6 g6 52. Kxa6 1-0

[Event "*** Titled Tuesday Blitz"]
[Site "Chess.com"]
[Date "2021.03.02"]
[Round "6"]
[White "salomez"]
[Black "dbrankovic68"]
[Result "0-1"]
[WhiteElo "2214"]
[BlackElo "2475"]
[TimeControl "180+1"]
[EndTime "11:07:40 PST"]
[Termination "dbrankovic68 won on time"]

1. e4 c5 2. Nf3 g6 3. d4 cxd4 4. Qxd4 Nf6 5. Nc3 Nc6 6. Qd1 d6 7. Bd3 Bg7 8. O-O O-O 9. h3 a6 10. Be3 b5 11. a3 Bb7 12. Nd5 Nd7 13. c3 e6 14. Nb4 Nce5 15. Bc2 Nc4 16. Bc1 a5 17. Nd3 Bxe4 18. Re1 Bc6 19. Nd4 Qb6 20.
Nxc6 Qxc6 21. Nf4 d5 22. Qe2 Rfe8 23. h4 e5 24. Nh3 e4 25. h5 Rab8 26. hxg6 hxg6 27.
Nf4 Nf6 28. Bb3 Rec8 29. Rd1 b4 30. axb4 axb4 31. Ba4 Qc5 32. cxb4 Rxb4 33. b3 Ra8 34. Ra2 Rbxa4 35. Rxa4 Rxa4 36. bxa4 Nb6 37. Be3 Qc6 38. Bxb6 Qxb6 39. Nxd5 Nxd5 40. Rxd5 f5 41. Qb5 Qf6 42.
Qb8+ Kh7 43. Kh2 f4 44. Qd6 Qh4+ 45. Kg1 e3 46. Rd1 Qxf2+ 47. Kh1 e2 0-1

[Event "*** Titled Tuesday Blitz"]
[Site "Chess.com"]
[Date "2021.03.02"]
[Round "6"]
[White "mbojan"]
[Black "Bodnar_Mykola"]
[Result "0-1"]
[WhiteElo "2606"]
[BlackElo "2500"]
[TimeControl "180+1"]
[EndTime "11:07:41 PST"]
[Termination "Bodnar_Mykola won on time"]

1. f4 d5 2. Nf3 Bg4 3. Ne5 Bh5 4. g3 f6 5. Nf3 Nd7 6. Bg2 e5 7. d3 Bd6 8. O-O c6 9. Nc3 Bxf3 10. Bxf3 Ne7 11. e4 d4 12. Ne2 O-O 13. f5 c5 14. g4 b5 15. g5 c4 16. Ng3 fxg5 17.
Bxg5 Nf6 18. Nh5 Kh8 19. Kh1 Neg8 20. Rg1 Qd7 21. Bxf6 gxf6 22. Ng7 Nh6 23. Ne6 Rg8 24.
Qd2 Nf7 25. h4 Rae8 26. Bh5 Qe7 27. Bxf7 Qxf7 28. Qe2 h5 29. Kh2 Kh7 30. Kh3 a5 31. Raf1 a4 32. b3 cxb3 33. cxb3 a3 34. Rg6 Rxg6 35.
Qxh5+ Kg8 36. Qxg6+ Qxg6 37. fxg6 Rxe6 38. Kg4 Be7 39.
Kf5 Rc6 40. h5 Kg7 41. h6+ Kxh6 42. Rh1+ Kg7 43. Rh7+ Kf8 44. Rh8+ Kg7 45. Rh7+ Kf8 46.
Rf7+ Ke8 47. Rg7 Bf8 0-1

[Event "*** Titled Tuesday Blitz"]
[Site "Chess.com"]
[Date "2021.03.02"]
[Round "6"]
[White "MatyChess1"]
[Black "Forantes"]
[Result "1-0"]
[WhiteElo "2592"]
[BlackElo "2430"]
[TimeControl "180+1"]
[EndTime "11:07:41 PST"]
[Termination "MatyChess1 won on time"]

1. e4 c5 2. Nf3 Nc6 3. d4 cxd4 4. Nxd4 e5 5. Nb5 a6 6. N5c3 Nf6 7. Bg5 Bb4 8. Bc4 h6 9. Bxf6 Qxf6 10. O-O Qg6 11. Nd5 O-O 12. Nbc3 b5 13. Bb3 Bc5 14. a4 b4 15. Ne2 Bb7 16. Ng3 Nd4 17. Bc4 Rac8 18. c3 bxc3 19. bxc3 Ne6 20. Nf5 Bxd5 21. Bxd5 Nf4 22.
g3 Kh8 23. Rb1 Nh3+ 24. Kg2 Nxf2 25. Rxf2 Bxf2 26. Ne7 Qf6 27. Nxc8 Rxc8 28. Qd3 Bc5 29. Rf1 Qb6 30. Bxf7 d6 31. Bc4 Qb2+ 32. Qe2 Qxc3 33. Bxa6 Rb8 34. Bb5 Qd4 35. Rf3 Bb6 36. Qf1 Rc8 37.
Rf8+ Rxf8 38. Qxf8+ Kh7 39. Bd7 Qd2+ 40. Kh3 Qg5 41.
Bf5+ g6 42. Qf7+ Kh8 43. Bxg6 1-0

[Event "*** Titled Tuesday Blitz"]
[Site "Chess.com"]
[Date "2021.03.02"]
[Round "6"]
[White "atalz0"]
[Black "ruvat"]
[Result "1/2-1/2"]
[WhiteElo "2462"]
[BlackElo "2336"]
[TimeControl "180+1"]
[EndTime "11:07:41 PST"]
[Termination "Game drawn by repetition"]

1. d4 d6 2. e4 Nf6 3. f3 c6 4. c4 e5 5. d5 Be7 6. Nc3 O-O 7. Be3 Nh5 8. Qd2 h6 9. g3 c5 10. O-O-O Na6 11. Kb1 Nc7 12. Nge2 a6 13. Nc1 Bd7 14. Be2 Nf6 15. g4 Nh7 16. h4 Bxh4 17. Bxh6 Bg5 18.
Bxg5 Qxg5 19. Qe1 Nf6 20. Rh2 g6 21. Qf2 Kg7 22. Rdh1 Rh8 23. Nd3 b5 24. Rxh8 Rxh8 25. Rxh8 Kxh8 26. Nxc5 dxc5 27. Qxc5 Nfe8 28. Qf8+ Kh7 29.
Qxf7+ Kh6 30. Qxd7 b4 31. d6 bxc3 32. dxc7 Nxc7 33.
bxc3 Qe3 34. Qxc7 Qxe2 35. Qxe5 Qxf3 36. g5+ Kh5 37. Kb2 Qe2+ 38. Kb3 Qd1+ 39. Kb4 Qb1+ 40. Kc5 Qxa2 41. Kb6 Qxc4 42. Qd4 Qb5+ 43. Ka7 a5 44. c4 Qb4 45. Qd1+ Kxg5 46. Qc1+ Kf6 47. c5 Ke7 48. c6 Qd4+ 49. Kb7 Qb4+ 50. Ka8 Qb6 51. c7 Qa6+ 52. Kb8 Qb6+ 53. Kc8 Qa6+ 54. Kb8 Qb6+ 55. Ka8 Qa6+ 56. Kb8 1/2-1/2

[Event "*** Titled Tuesday Blitz"]
[Site "Chess.com"]
[Date "2021.03.02"]
[Round "6"]
[White "howitzer14"]
[Black "Murad_Ibrahimli"]
[Result "1-0"]
[WhiteElo "3006"]
[BlackElo "2860"]
[TimeControl "180+1"]
[EndTime "11:07:42 PST"]
[Termination "howitzer14 won by resignation"]

1. d4 d5 2. c4 c6 3. Nf3 Nf6 4.
Nc3 e6 5. g3 Nbd7 6. Bg2 dxc4 7.
O-O Be7 8. a4 O-O 9. a5 Bb4 10.
Qa4 Qe7 11. Na2 Bd6 12. Qxc4 e5 13. Nc3 exd4 14. Nxd4 Ne5 15. Qa4 a6 16. Rd1 h6 17.
Bf4 Rd8 18. Rd2 Ng6 19. Bxd6 Rxd6 20. Rad1 Qf8 21. h3 Bd7 22. Qa3 Re8 23. e4 Ne5 24. Qb3 c5 25. Nf5 Rxd2 26. Rxd2 Bxf5 27. exf5 c4 28.
Qxb7 Nd3 29. Qxa6 Qb4 30. Qb5 Qxb5 31. Nxb5 Re1+ 32. Kh2 Ra1 33. Nd6 Ne5 34. f4 Nd3 35. Nxc4 Ne1 36. Bb7 h5 37. a6 Ra4 38. b3 Ra1 39.
Re2 Kh7 40. Rxe1 Rxe1 41. a7 Re2+ 42. Kg1 Re1+ 43. Kf2 Ra1 44. a8=Q Rxa8 45. Bxa8 1-0

[Event "*** Titled Tuesday Blitz"]
[Site "Chess.com"]
[Date "2021.03.02"]
[Round "6"]
[White "Majesth"]
[Black "korkmaz16"]
[Result "1-0"]
[WhiteElo "2578"]
[BlackElo "2406"]
[TimeControl "180+1"]
[EndTime "11:07:42 PST"]
[Termination "Majesth won by checkmate"]

1. d4 Nf6 2. Nc3 d5 3. Bg5 Nbd7 4. Qd3 g6 5. f3 Bg7 6. e4 dxe4 7. fxe4 Nb6 8. Nf3 h6 9. Bh4 g5 10. Bf2 c6 11.
O-O-O Be6 12. Ne5 Ng4 13. Nxg4 Bxg4 14. Be2 Qd7 15. a4 Nc8 16. h4 gxh4 17. Rxh4 Bxe2 18.
Qxe2 Nd6 19. Rg4 Rg8 20. d5 h5 21. Rxg7 Rxg7 22. e5 Nf5 23. e6 Qd6 24. Qxh5 Qf4+ 25. Kb1 O-O-O 26. Bxa7 Rxg2 27. Qxf7 Qe5 28. dxc6 Rxd1+ 29. Nxd1 bxc6 30. Bb6 Kb7 31. a5 Qd6 32. Nc3 Qd2 33.
Qxf5 Qe1+ 34. Ka2 Qd2 35. Qc5 Qd6 36. Qxd6 exd6 37. Ne4 d5 38. Nd6+ Ka6 39. e7 Rxc2 40.
e8=Q Rxb2+ 41. Kxb2 d4 42. Qc8# 1-0

[Event "*** Titled Tuesday Blitz"]
[Site "Chess.com"]
[Date "2021.03.02"]
[Round "6"]
[White "fabianvivasz"]
[Black "cukin84"]
[Result "1-0"]
[WhiteElo "2337"]
[BlackElo "2137"]
[TimeControl "180+1"]
[EndTime "11:07:42 PST"]
[Termination "fabianvivasz won by checkmate"]

1. e4 c6 2. d4 d5 3. e5 c5 4. dxc5 e6 5. Be3 Nd7 6. Bb5 Qc7 7. Nf3 Bxc5 8. Bxc5 Qxc5 9. Nc3 Ne7 10. O-O O-O 11. Re1 a6 12. Bd3 Ng6 13. Ng5 Ndxe5 14. Rxe5 Nxe5 15.
Bxh7+ Kh8 16. Qh5 g6 17. Bxg6+ Kg7 18. Qh7+ Kf6 19. Nge4+ dxe4 20. Nxe4+ Ke7 21. Qh4+ Ke8 22. Nxc5 Nxg6 23. Qf6 Bd7 24. Rd1 Bc6 25. Nxe6 fxe6 26. Qxg6+ Ke7 27. Qg5+ Rf6 28. h4 Rf8 29. h5 Kf7 30.
Rd4 Rg8 31. Qh4 Rxg2+ 32. Kf1 Rg8 33. Rf4 Rxf4 34. Qxf4+ Ke7 35. Qc7+ Kf6 36. Qf4+ Ke7 37. h6 Bb5+ 38. c4 Bc6 39. Qc7+ Kf6 40. Qf4+ Ke7 41. Qe5 Bg2+ 42. Ke1 Bf3 43. h7 Rg1+ 44. Kd2 Rd1+ 45. Kc2 Rh1 46. h8=Q Be4+ 47. Kc3 Rxh8 48. Qxh8 Bf5 49. Qe5 Kd7 50. c5 Kc6 51. Qd6+ Kb5 52.
Qb6+ Ka4 53. Qb4# 1-0

[Event "*** Titled Tuesday Blitz"]
[Site "Chess.com"]
[Date "2021.03.02"]
[Round "6"]
[White "albi1999"]
[Black "Diamantidis_13"]
[Result "1-0"]
[WhiteElo "2594"]
[BlackElo "2435"]
[TimeControl "180+1"]
[EndTime "11:07:43 PST"]
[Termination "albi1999 won by resignation"]

1. Nf3 Nf6 2. g3 b5 3. Bg2 Bb7 4. O-O c5 5. d3 e6 6. e4 d6 7. b3 Be7 8. Bb2 Nbd7 9. Nbd2 O-O 10. Re1 Qc7 11. e5 dxe5 12. Nxe5 Bxg2 13. Kxg2 Qb7+ 14. Qf3 Qxf3+ 15. Ndxf3 Rfc8 16. c4 a6 17. Rad1 Bd6 18.
d4 cxd4 19. Nxd7 Nxd7 20. Rxd4 Bb4 21. Rxd7 Bxe1 22. Nxe1 bxc4 23. bxc4 Rxc4 24. Nd3 Rc2 25. a4 Rd2 26. Bc3 Rd1 27. a5 Rc8 28. Bb4 h5 29. h4 Rc4 30. Be1 Re4 31. Bc3 Rc4 32. Be5 Ra4 33. Nc5 Rxd7 34. Nxa4 Rd5 35. Bc7 e5 36. Bb6 f5 37. Nc5 Rd2 38. Nxa6 Ra2 39. Nc5 e4 40. Kf1 g5 41. hxg5 Kg7 42. a6 Kg6 43. a7 Kxg5 44.
Ne6+ Kg4 45. Nc7 h4 46. gxh4 Kxh4 47. a8=Q Rxa8 48. Nxa8 f4 49. Nc7 Kg4 50. Nd5 Kf3 51.
Nxf4 e3 52. Bxe3 Kg4 53. Ke2 Kh4 54. Nd3 Kh3 55. Kf3 Kh2 56. Ke4 Kg1 57. f4+ Kf1 58. f5 1-0

[Event "*** Titled Tuesday Blitz"]
[Site "Chess.com"]
[Date "2021.03.02"]
[Round "6"]
[White "HajiyevKanan"]
[Black "NaciSAN"]
[Result "1-0"]
[WhiteElo "2436"]
[BlackElo "2298"]
[TimeControl "180+1"]
[EndTime "11:07:43 PST"]
[Termination "HajiyevKanan won on time"]

1. d4 Nf6 2. Nf3 g6 3. c4 Bg7 4.
g3 O-O 5. Bg2 d6 6. O-O Nc6 7. b3 Bf5 8. Bb2 a5 9. Nc3 Ne4 10. e3 Nxc3 11. Bxc3 e5 12. dxe5 dxe5 13. Qxd8 Rfxd8 14. Rfd1 Be4 15. g4 f6 16. h3 Bf8 17.
Rd2 Rxd2 18. Nxd2 Bxg2 19. Kxg2 Rd8 20. Nf1 Bb4 21. Bb2 Kf7 22. Kf3 Ke6 23. Ke2 f5 24.
f3 Be7 25. Rd1 Rxd1 26. Kxd1 Nb4 27. Bc3 Nxa2 28. Bxa5 b6 29. Bd2 Nb4 30. Bxb4 Bxb4 31. e4 Bc5 32. Ke2 Bd4 33. Ng3 fxg4 34. fxg4 Kd6 35.
Kd3 Kc5 36. Ne2 Ba1 37. h4 Kb4 38. Kc2 Kc5 39. h5 Bd4 40. Kd3 Ba1 41. Ng1 Kb4 42. Kc2 Bd4 43. Nf3 Kc5 44. Kd3 Ba1 45. hxg6 hxg6 46. Nh4 Kb4 47. Kc2 Kc5 48. Kb1 Bc3 49. Kc2 Be1 50. Nxg6 Kd4 51. Kd1 Bg3 52. g5 Kxe4 53.
Ne7 Bh4 54. g6 Bf6 55. Nd5 c6 56. Nxf6+ Kf5 57. g7 1-0

[Event "*** Titled Tuesday Blitz"]
[Site "Chess.com"]
[Date "2021.03.02"]
[Round "6"]
[White "Genghis_K"]
[Black "Arseniy_Nesterov"]
[Result "1-0"]
[WhiteElo "2933"]
[BlackElo "2793"]
[TimeControl "180+1"]
[EndTime "11:07:46 PST"]
[Termination "Genghis_K won by resignation"]

1. e4 e5 2. Nf3 Nc6 3. Nc3 Nf6 4. d4 Bb4 5. Nxe5 Qe7 6. Qd3 Nxe5 7. dxe5 Qxe5 8.
Bd2 O-O 9. O-O-O d6 10. f3 Be6 11. a3 Bc5 12. Be2 a6 13. g4 Qd4 14. g5 Qxd3 15. Bxd3 Nd7 16. f4 Bg4 17. Be2 Bxe2 18.
Nxe2 Rfe8 19. Nc3 Nb6 20. Rhe1 Re7 21. Be3 Bxe3+ 22. Rxe3 Rae8 23. b3 Re6 24. h4 g6 25.
a4 Nd7 26. Rde1 c6 27. a5 f5 28. Kd2 fxe4 29. Rxe4 Kf7 30. Rxe6 Rxe6 31. Rf1 Nc5 32. f5 gxf5 33. Rxf5+ Kg6 34. Rf4 Re5 35. Rf6+ Kg7 36. Rxd6 Re4 37. Rh6 Rg4 38. Kc1 Nd7 39. Kb2 Ne5 40. Re6 Ng6 41. h5 Kf7 42. Rf6+ Kg7 43. hxg6 Rxg5 44. Rd6 hxg6 45. Rd7+ Kh6 46. b4 Rf5 47.
Rxb7 g5 48. Rc7 g4 49. Rxc6+ Kg5 50. Rxa6 g3 51. Ne4+ Kf4 52. Nxg3 Kxg3 53. Rb6 1-0

[Event "*** Titled Tuesday Blitz"]
[Site "Chess.com"]
[Date "2021.03.02"]
[Round "6"]
[White "Politov_Pavel"]
[Black "GregShahade"]
[Result "1/2-1/2"]
[WhiteElo "2414"]
[BlackElo "2629"]
[TimeControl "180+1"]
[EndTime "11:07:46 PST"]
[Termination "Game drawn - insufficient material"]

1. d4 Nf6 2. Nf3 g6 3. c4 Bg7 4.
Nc3 d5 5. cxd5 Nxd5 6. e4 Nxc3 7.
bxc3 c5 8. Rb1 O-O 9. Be2 cxd4 10. cxd4 Qa5+ 11. Qd2 Qxd2+ 12. Bxd2 b6 13. O-O Bb7 14.
d5 Ba6 15. Bxa6 Nxa6 16. Rfc1 f5 17. Ng5 fxe4 18. Ne6 Rf5 19. Rc4 Rxd5 20. Be3 Bf6 21. Ra4 Ra5 22. Rxa5 bxa5 23. Rb7 Nb4 24. a3 Nc2 25.
Bxa7 Nxa3 26. g4 g5 27. h4 h6 28. hxg5 hxg5 29. Bc5 Nc4 30. Bxe7 Bxe7 31. Rxe7 a4 32. Nxg5 Nd6 33. Nxe4 a3 34. Nxd6 a2 35. Re1 a1=Q 36. Rxa1 Rxa1+ 37. Kg2 Ra3 38. Nf5 Kf7 39. Ne3 Kg6 40. Kg3 Rb3 41. Kh4 Ra3 42. Nd1 Rf3 43. g5 Rf4+ 44. Kg3 Kxg5 45. Ne3 Ra4 46. Ng2 Ra3+ 47.
Ne3 Rb3 48. Kf3 Ra3 49. Kg3 Rb3 50. Kf3 Ra3 51. Ke4 Ra4+ 52. Ke5 Ra5+ 53. Nd5 Rxd5+ 54.
Kxd5 Kf4 55. f3 Kxf3 1/2-1/2

[Event "*** Titled Tuesday Blitz"]
[Site "Chess.com"]
[Date "2021.03.02"]
[Round "6"]
[White "NTBT_DHS"]
[Black "GelmanAlexander"]
[Result "1-0"]
[WhiteElo "2770"]
[BlackElo "2553"]
[TimeControl "180+1"]
[EndTime "11:07:47 PST"]
[Termination "NTBT_DHS won on time"]

1. d4 Nf6 2. c4 c5 3. d5 b5 4. cxb5 a6 5. bxa6 e6 6. Nc3 exd5 7. Nxd5 Nxa6 8. e4 Nxd5 9. exd5 Nb4 10. Bc4 Qe7+ 11.
Kf1 Ba6 12. Bxa6 Rxa6 13. a3 Qe4 14. Qe2 Qxe2+ 15. Nxe2 Nxd5 16. Nf4 Nxf4 17. Bxf4 Be7 18. Re1 f6 19. h4 Kf7 20. Rh3 d5 21. Rb3 Ra7 22. Rb5 Rc8 23. Ke2 d4 24. Kd3 Rd7 25.
Rc1 f5 26. g3 g6 27. a4 Ra7 28. b3 Bf8 29. Be5 h6 30. f4 Be7 31. Rb6 g5 32.
Rxh6 gxf4 33. gxf4 Rg8 34. Bd6 Rg3+ 35. Kc4 Bxd6 36. Rxd6 Rb7 37. Kd5 Rgxb3 38. Rxc5 d3 39. Ke5 R3b4 40. Kxf5 Rxa4 41. Rxd3 Ra1 42. Rcd5 Rh1 43.
Rd7+ Rxd7 44. Rxd7+ Kg8 45. Kf6 Rxh4 46. Rd8+ Kh7 47.
f5 Ra4 48. Re8 Ra6+ 49. Re6 Ra7 50. Re7+ Rxe7 51. Kxe7 1-0

[Event "*** Titled Tuesday Blitz"]
[Site "Chess.com"]
[Date "2021.03.02"]
[Round "6"]
[White "ObligatePawnivore"]
[Black "night_player"]
[Result "0-1"]
[WhiteElo "1830"]
[BlackElo "2179"]
[TimeControl "180+1"]
[EndTime "11:07:47 PST"]
[Termination "night_player won on time"]

1. c4 f5 2. Nc3 e5 3. d4 e4 4. Nh3 Nf6 5. Bg5 Be7 6. e3 O-O 7. Nf4 Qe8 8. h4 c6 9. c5 d5 10. cxd6 Bxd6 11. Bc4+ Kh8 12. h5 Bxf4 13. Bxf4 h6 14. Bd6 Nbd7 15. Bxf8 Nxf8 16. Be2 Be6 17. Kf1 Rd8 18. b4 Qe7 19. Rb1 Bf7 20. Kg1 Ne6 21.
a4 f4 22. exf4 Rxd4 23. Qc1 Rxb4 24. Rxb4 Qxb4 25. Rh3 Nd4 26. Bf1 Nf5 27. Qb1 Qxb1 28. Nxb1 Nxh5 29. g4 Nxf4 30. gxf5 Nxh3+ 31. Bxh3 b5 32.
Bg2 Bd5 33. axb5 cxb5 34. Nc3 Bc4 35. Bxe4 a5 36. Bc6 b4 37. Na4 Kg8 38. f4 Kf7 39. Kf2 Kf6 40. Bd7 Bd3 41. Ke3 Bxf5 42. Bb5 Bc2 43. Nc5 b3 44. Nd7+ Kf5 45. Kd2 Kxf4 46. Nc5 g5 0-1

[Event "*** Titled Tuesday Blitz"]
[Site "Chess.com"]
[Date "2021.03.02"]
[Round "6"]
[White "Albertu"]
[Black "Sanyura"]
[Result "0-1"]
[WhiteElo "2347"]
[BlackElo "2592"]
[TimeControl "180+1"]
[EndTime "11:07:49 PST"]
[Termination "Sanyura won by checkmate"]

1. e4 c6 2. d4 d6 3. Nc3 Nd7 4. Nf3 e5 5. Be3 Ngf6 6. h3 Be7 7. Qd2 b5 8. a3 Qa5 9. Bd3 O-O 10. O-O Qc7 11.
Rad1 a6 12. Ne2 c5 13. c3 Re8 14. Ng3 Bf8 15. Bb1 Rb8 16. Nh4 a5 17. Nhf5 b4 18. dxe5 Nxe5 19. Bg5 Nc4 20. Qe2 Nxe4 21. Bxe4 Ne5 22.
Bd5 Be6 23. Bxe6 Rxe6 24. cxb4 axb4 25. Qd2 h6 26. Bf4 Ng6 27. Bxd6 Bxd6 28. Nxd6 bxa3 29. bxa3 Rb3 30. Nc4 Kh7 31. Rb1 Qb8 32. Qc2 Rxb1 33.
Rxb1 Qa8 34. a4 h5 35. Nxh5 Re4 36. Ng3 Rd4 37. a5 Kg8 38. Qb3 Kh7 39. Ne3 c4 40. Nxc4 Nf4 41. f3 Qa7 42. Qb6 Qd7 43. Ne5 Rd1+ 44.
Rxd1 Qxd1+ 45. Kh2 Qd2 46. Qb1+ g6 47. Qg1 Qxa5 48. Ng4 Qc3 49. Ne4 Qc7 50. Ngf6+ Kh8 51. g3 Qc2+ 52. Qg2 Qxg2# 0-1

[Event "*** Titled Tuesday Blitz"]
[Site "Chess.com"]
[Date "2021.03.02"]
[Round "6"]
[White "Enriquack"]
[Black "dosto07"]
[Result "1-0"]
[WhiteElo "2456"]
[BlackElo "2326"]
[TimeControl "180+1"]
[EndTime "11:07:49 PST"]
[Termination "Enriquack won on time"]

1. e4 e5 2. f4 d5 3. exd5 exf4 4. Nf3 Nf6 5. Bb5+ c6 6. dxc6 bxc6 7. Bc4 Bd6 8. Qe2+ Be7 9. d4 Qd6 10. O-O O-O 11.
Re1 Bd8 12. c3 Bg4 13. Nbd2 Nbd7 14. Ne4 Nxe4 15. Qxe4 Bxf3 16. Qxf3 Bg5 17. g3 c5 18. Bxf4 Bxf4 19. Qxf4 Qxf4 20. gxf4 cxd4 21. cxd4 Nb6 22.
Bb3 Rad8 23. Rad1 Rd7 24. Re5 Rfd8 25. Ra5 g6 26. Kf2 Kg7 27. d5 Kf6 28. Rc5 h5 29.
Kf3 Rd6 30. a4 Nd7 31. Rc6 Nb8 32. Rc7 a5 33. Rdc1 Na6 34. R7c6 Nb4 35. Rxd6+ Rxd6 36. Rc5 Ra6 37. Rb5 g5 38. fxg5+ Kxg5 39. Bc4 Rf6+ 40. Ke3 Rd6 41. Rxa5 Kf6 42. Kd4 Nc6+ 43. Kc5 Nxa5 44.
Ba2 Rd8 45. b4 Nb7+ 46. Kb6 Nd6 47. a5 Ke5 48. Kc7 Ra8 49. Bb3 Rc8+ 50. Kd7 Rb8 51. a6 Rxb4 52. a7 Rxb3 53. a8=Q 1-0

[Event "*** Titled Tuesday Blitz"]
[Site "Chess.com"]
[Date "2021.03.02"]
[Round "6"]
[White "Make_it_shine060"]
[Black "Misticpikachu"]
[Result "0-1"]
[WhiteElo "2259"]
[BlackElo "2413"]
[TimeControl "180+1"]
[EndTime "11:07:51 PST"]
[Termination "Misticpikachu won by resignation"]

1. d4 e6 2. c4 d5 3. Nf3 Nf6 4. Nc3 Be7 5. cxd5 exd5 6. Bg5 O-O 7. Qc2 c6 8. e3 Nbd7 9. Bd3 Re8 10. O-O Nf8 11. h3 Ne4 12. Bf4 Nxc3 13. bxc3 Ng6 14. Bg3 Bd6 15. Bxd6 Qxd6 16. c4 dxc4 17. Bxc4 Qf6 18.
Rab1 Bxh3 19. Rxb7 Re7 20. Rxe7 Nxe7 21. Bxf7+ Qxf7 22. Ng5 Bf5 23. e4 Qg6 24. Qb3+ Kf8 25.
Nxh7+ Qxh7 26. exf5 Qxf5 27. Re1 Rd8 28. Re3 Qd5 29. Qb7 Qd7 30. Qb3 Nd5 31. Rh3 Kg8 32.
Qg3 Qe7 33. Qg6 Nf6 34. Qg3 Rxd4 35. Qb3+ Rd5 36. Qb8+ Kf7 37. Qg3 Rd1+ 38. Kh2 Qd6 39. f4 Rd4 40. Qb3+ Nd5 41. g3 Qb4 42. Qf3 Rd2+ 43.
Kh1 Qb1+ 0-1

[Event "*** Titled Tuesday Blitz"]
[Site "Chess.com"]
[Date "2021.03.02"]
[Round "6"]
[White "Msb2"]
[Black "Aleksey_Sorokin"]
[Result "1-0"]
[WhiteElo "2898"]
[BlackElo "2785"]
[TimeControl "180+1"]
[EndTime "11:07:52 PST"]
[Termination "Msb2 won by resignation"]

1. d4 Nf6 2. Nf3 g6 3. Nc3 d5 4. Bf4 a6 5. h3 Nc6 6. e3 Bg7 7. Be2 O-O 8. Ne5 Nxe5 9. Bxe5 Ne4 10. Nxe4 Bxe5 11. dxe5 dxe4 12. Bc4 Be6 13. Bxe6 fxe6 14. Qg4 Qd5 15. Rd1 Qxe5 16. Rd4 Rf6 17. Qxe4 Qxe4 18. Rxe4 Rd8 19. Ke2 Kf7 20. g4 Rd6 21. f4 Ke8 22. Rd1 Kd7 23. c4 c5 24. Re5 b6 25. a3 Rf8 26. h4 Rd8 27. h5 Rxd1 28.
Kxd1 Ke8+ 29. Ke2 Kf7 30. h6 Kf6 31. g5+ Kf7 32. b4 Rc8 33. Kd3 Rc6 34. Kc3 Ke8 35. e4 Kd7 36. f5 exf5 37. exf5 cxb4+ 38. axb4 gxf5 39. Rxf5 b5 40. c5 Rg6 41. Kd4 Ke6 42.
Ke4 Rg8 43. Re5+ Kf7 44. Kf5 Rd8 45. c6 Rb8 46. Rc5 Rc8 47. c7 e6+ 48. Ke5 Ke7 49.
Rc6 Kd7 50. Rxa6 Rxc7 51. Rd6+ Ke7 52. Rxe6+ Kf7 53. Rf6+ Ke7 54. Rb6 Rc1 55. Rb7+ Kf8 56. Rxh7 Re1+ 57. Kf6 Rf1+ 58. Kg6 Rb1 59. Rb7 Rxb4 60.
h7 Rh4 61. Rb8+ Ke7 62. h8=Q 1-0